 Dungeon Sprint DCSS version 0.23.1 (webtiles) character file.

Game seed: 5852810988669073008

4365 nuthulu the Grappler (level 10, -1/114 HPs)
             Began as a Troll Monk on Mar 5, 2019.
             Was the Champion of Qazlal.
             Slain by a killer bee (3 damage)
             ... in the Dungeon (Sprint III: "The Ten Rune Challenge").
             The game lasted 00:06:22 (1555 turns).

nuthulu the Grappler (Troll Monk)                   Turns: 1555, Time: 00:06:23

Health: -1/114     AC:  6    Str: 24    XL:     10   Next: 13%
Magic:  9/14       EV: 15    Int:  6    God:    Qazlal [******]
Gold:   6442       SH:  8    Dex: 12    Spells: 9/9 levels left

rFire    . . .     SeeInvis .     - Unarmed
rCold    . . .     Gourm    +   (no shield)
rNeg     . . .     Faith    .   a - +0 robe
rPois    .         Spirit   .   (helmet restricted)
rElec    .         Reflect  .   (no cloak)
rCorr    .         Harm     .   (gloves unavailable)
MR       .....     NoTele   +   (boots unavailable)
Stlth    +.........             (no amulet)
HPRegen  0.69/turn              (no ring)
MPRegen  0.14/turn              (no ring)

@: lethally poisoned (-1 -> -4), repel missiles
A: large, unfitting armour, claws 3, fast metabolism 3, gourmand, regeneration
1, shaggy fur 1, tough skin 3
a: Upheaval, Elemental Force, Disaster Area, Renounce Religion


You were in the Dungeon.
You worshipped Qazlal.
Qazlal was exalted by your worship.
You were full.

You visited 1 branch You collected 6442 gold pieces.

Inventory:

Armour
 a - a +0 robe (worn)
 c - a +2 robe of fire resistance
Wands
 m - a wand of flame (20)
Scrolls
 h - a scroll of blinking
 j - 2 scrolls of holy word {unknown}
 k - 4 scrolls of remove curse
Potions
 f - 2 potions of magic
 g - a potion of berserk rage
 i - 3 potions of mutation
 l - 3 potions of flight
Comestibles
 b - 6 rations


   Skills:
 + Level 11.3 Fighting
 + Level 11.3 Dodging
 - Level 1.0 Stealth
 + Level 13.1 Unarmed Combat
 + Level 7.0 Invocations


You had 9 spell levels left.
You didn't know any spells.
Your spell library contained the following spells:

 Spells                   Type           Power        Failure   Level  Hunger
 Confusing Touch          Hex            #.....       45%         1    ##.....
 Confuse                  Hex            #.......     83%         3    ####...
 Gell's Gravitas          Tloc           #.........   83%         3    ####...
 Petrify                  Tmut/Erth      #.......     99%         4    #####..
 Metabolic Englaciation   Hex/Ice        #.........   100%        5    ######.
 Yara's Violent Unravell  Hex/Tmut       #.........   100%        5    ######.


Dungeon Overview and Level Annotations

Branches:
Dungeon (1/1)

Altars:
Cheibriados
Dithmenos
Elyvilon
Fedhas
Gozag
Hepliaklqana
Kikubaaqudgha
Makhleb
Nemelex Xobeh
Okawaru
Qazlal
Ru
Sif Muna
Trog
Uskayaw
Vehumet
Wu Jian
Xom
Yredelemnul
Zin
The Shining One
Beogh
Jiyva
Lugonu

Shops:
D *


Innate Abilities, Weirdness & Mutations

You are too large for most types of armour.
You have claws for hands.
Your metabolism is lightning-fast.
You like to eat raw meat.
Your natural rate of healing is unusually fast.
You are covered in fur. (AC +1)
You have extremely tough skin. (AC +3)


Message History

* * * LOW HITPOINT WARNING * * *
You feel sick.
* * * LOW HITPOINT WARNING * * *
You feel sick. You block the killer bee's attack.
* * * LOW HITPOINT WARNING * * *
You feel sick.
The killer bee stings you but does no damage.
* * * LOW HITPOINT WARNING * * *
You feel sick.
You mangle the killer bee!!
You kill the killer bee!
Qazlal accepts your kill.
Your Invocations skill increases to level 7!
* * * LOW HITPOINT WARNING * * *
You feel sick. The killer bee barely misses you.
Unknown command.
You scratch the killer bee but do no damage.
* * * LOW HITPOINT WARNING * * *
You feel sick. The killer bee closely misses you. The killer bee stings you.
You die...

#'###)##.........##
.......#..........#
.......#.##∩...#..#
######)#[[##.#.##.#
#__#...#'########################
#__#...#))..#.#.#y.)y.#..^..y'.y.
#__#...##.#).#.##y###)#.y...^#%..
#__#...'##.#.#.##y#y†##...y..# yy
#__'...#...#..#)@##.yyy.....^# y
▓▓▓▓▓▓▓▓▓▓▓▓▓▓▓▓▓▓▓▓▓#^..^..^#
#.......# +^......# #......^#
##+######


You could see 3 killer bees.

Vanquished Creatures
  Erolcha (D)
  A deep elf mage (D)
  A queen bee (D)
  2 redbacks (D)
  A shadow (D)
  A spatial vortex (D)
  2 orc warriors (D)
  A necrophage (D)
  5 two-headed ogres (D)
  A water elemental (D)
  20 killer bees (D)
  A jelly (D)
  A wizard (D)
  An orc wizard (D)
  2 orc priests (D)
  A necromancer (D)
  3 humans (D)
  A kobold demonologist (D)
  2 oozes (D)
  A phantom (D)
  13 orcs (D)
  2 rats (D)
64 creatures vanquished.

Vanquished Creatures (collateral kills)
  A killer bee (D)
1 creature vanquished.

Vanquished Creatures (others)
  2 draconian scorchers (D)
  A hydra (D)
  6 hellions (D)
  2 yaktaurs (D)
  2 plants (D)
13 creatures vanquished.

Grand Total: 78 creatures vanquished

Notes
Turn   | Place    | Note
-------+----------+-------------------------------------------
     0 | D        | nuthulu the Troll Monk began the quest for the Orb.
     0 | D        | Reached XP level 1. HP: 22/22 MP: 0/0
    10 | D        | Reached XP level 2. HP: 29/31 MP: 1/1
    85 | D        | Killed a hellion
    96 | D        | Killed a hellion
    99 | D        | Killed a yaktaur
   116 | D        | Killed a hellion
   117 | D        | Killed a hellion
   148 | D        | Killed a hellion
   162 | D        | Reached skill level 4 in Unarmed Combat
   162 | D        | Reached XP level 3. HP: 38/39 MP: 2/2
   217 | D        | Killed a hellion
   248 | D        | Killed a white draconian scorcher
   261 | D        | Noticed a water elemental
   268 | D        | Killed a water elemental
   268 | D        | Reached skill level 5 in Unarmed Combat
   268 | D        | Reached XP level 4. HP: 49/49 MP: 3/3
   269 | D        | Killed a yaktaur
   296 | D        | Killed a white draconian scorcher
   320 | D        | Killed a five-headed hydra
   348 | D        | Found a glowing silver altar of Zin.
   348 | D        | Found a glowing golden altar of the Shining One.
   348 | D        | Found a white marble altar of Elyvilon.
   349 | D        | Noticed a deep elf mage
   359 | D        | Killed a deep elf mage
   359 | D        | Reached skill level 9 in Unarmed Combat
   359 | D        | Reached XP level 5. HP: 28/62 MP: 4/4
   359 | D        | Reached XP level 6. HP: 32/71 MP: 5/5
   449 | D        | Noticed a shadow
   455 | D        | Killed a shadow
   455 | D        | Reached XP level 7. HP: 56/80 MP: 6/6
   489 | D        | Found a blossoming altar of Fedhas.
   489 | D        | Found a stormy altar of Qazlal.
   489 | D        | Found a snail-covered altar of Cheibriados.
   489 | D        | Found a burning altar of Makhleb.
   489 | D        | Found a shimmering altar of Xom.
   490 | D        | Found a hazy altar of Hepliaklqana.
   490 | D        | Found an opulent altar of Gozag.
   490 | D        | Found a sparkling altar of Nemelex Xobeh.
   490 | D        | Found a corrupted altar of Lugonu.
   490 | D        | Found a viscous altar of Jiyva.
   490 | D        | Noticed a spatial vortex
   493 | D        | Became a worshipper of Qazlal Stormbringer
   493 | D        | Reached * piety under Qazlal
   493 | D        | Reached ** piety under Qazlal
   503 | D        | Killed a spatial vortex
   503 | D        | Reached skill level 10 in Unarmed Combat
   525 | D        | Found a basalt altar of Yredelemnul.
   525 | D        | Found a shadowy altar of Dithmenos.
   525 | D        | Found a sacrificial altar of Ru.
   583 | D        | Found a radiant altar of Vehumet.
   583 | D        | Found a deep blue altar of Sif Muna.
   583 | D        | Found an ancient bone altar of Kikubaaqudgha.
   587 | D        | Reached *** piety under Qazlal
   650 | D        | Found a hide-covered altar of Uskayaw.
   650 | D        | Found a roughly hewn altar of Beogh.
   650 | D        | Found an iron altar of Okawaru.
   650 | D        | Found a bloodstained altar of Trog.
   650 | D        | Found an ornate altar of the Wu Jian Council.
   650 | D        | Noticed a human
   651 | D        | Noticed a human
   664 | D        | Killed a human
   664 | D        | Reached XP level 8. HP: 58/91 MP: 7/7
   740 | D        | Reached skill level 11 in Unarmed Combat
   744 | D        | Reached **** piety under Qazlal
   784 | D        | Reached skill level 1 in Invocations
   821 | D        | Noticed a two-headed ogre
   826 | D        | Killed a two-headed ogre
   838 | D        | Noticed Erolcha
   847 | D        | Killed Erolcha
   847 | D        | Reached skill level 10 in Fighting
   847 | D        | Reached skill level 10 in Dodging
   847 | D        | Reached skill level 12 in Unarmed Combat
   847 | D        | Reached XP level 9. HP: 74/101 MP: 8/11
   847 | D        | Noticed a two-headed ogre
   858 | D        | Killed a two-headed ogre
   858 | D        | Reached skill level 5 in Invocations
   965 | D        | Reached ***** piety under Qazlal
  1222 | D        | Reached ****** piety under Qazlal
  1316 | D        | Found Tuzal's General Store.
  1477 | D        | Noticed a queen bee
  1488 | D        | Killed a queen bee
  1488 | D        | Reached skill level 13 in Unarmed Combat
  1488 | D        | Reached XP level 10. HP: 47/114 MP: 3/13
  1550 | D        | HP: 5/114 [poisoned by a killer bee]
  1554 | D        | HP: 2/114 [poisoned by a killer bee]
  1555 | D        | Slain by a killer bee

Skill      XL: |  1  2  3  4  5  6  7  8  9 10 |
---------------+-------------------------------+-----
Fighting       | 3 4 7 8 9 10 11 | 11.3
Dodging        | 3 4 7 8 9 10 11 | 11.3
Unarmed Combat | 4 5 9 10 12 13 | 13.1
Invocations    | 4 6 7 |  7.0
Stealth        | |  1.0

Action                   |  1- 3 |  4- 6 |  7- 9 | 10-12 || total
-------------------------+-------+-------+-------+-------++-------
Melee: Unarmed           |    23 |    11 |   158 |    34 ||   226
       Punch             |       |       |     7 |     1 ||     8
Invok: Elemental Force   |       |       |     1 |       ||     1
       Disaster Area     |       |       |     1 |       ||     1
  Use: Scroll            |     2 |       |       |       ||     2
       Potion            |     1 |       |     3 |       ||     4
  Eat: Chunk             |     4 |     1 |    11 |       ||    16
Armor: Robe              |     2 |       |    15 |     1 ||    18
       Skin              |     2 |       |       |       ||     2
Dodge: Dodged            |     5 |     2 |    89 |    14 ||   110
Block: Other             |       |       |    36 |    11 ||    47
